 Dungeon Crawl Stone Soup version 0.28.0-43-g3370ac3207 (webtiles) character file.

Game seed: 11149138995314374458

93 Ablot the Grasshopper (level 4, -5/38 HPs)
             Began as a Gnoll Warper on Mar 24, 2022.
             Slain by a wyvern skeleton (12 damage)
             ... on level 3 of the Dungeon.
             The game lasted 00:03:16 (2312 turns).

Ablot the Grasshopper (Gnoll Warper)                Turns: 2312, Time: 00:03:17

Health: -5/38      AC:  6    Str: 12    XL:     4   Next: 61%
Magic:  11/11      EV: 13    Int: 12    God:
Gold:   147        SH:  0    Dex: 12    Spells: 11/13 levels left

rFire   . . .      SeeInvis .   a - +0 spear
rCold   . . .      Faith    .   (no shield)
rNeg    . . .      Spirit   .   b - +0 leather armour
rPois   .          Reflect  .   (no helmet)
rElec   .          Harm     .   (no cloak)
rCorr   .          Rampage  .   (no gloves)
Will    .....                   j - +2 pair of boots
Stlth   +.........              (no amulet)
HPRegen 0.12/turn               (no ring)
MPRegen 0.12/turn               (no ring)

@: no status effects
A: fangs 1, strong nose, distributed training
a: no special abilities


You were on level 3 of the Dungeon.
You visited 1 branch of the dungeon, and saw 3 of its levels.

You collected 147 gold pieces.

Inventory:

Hand Weapons
 a - a +0 spear (weapon)
Missiles
 d - 5 boomerangs of dispersal (quivered)
 e - 10 arrows
 f - 54 stones
Armour
 b - a +0 leather armour (worn)
 j - a +2 pair of boots (worn)
Wands
 k - a wand of iceblast (13)
Scrolls
 c - 2 scrolls of blinking
 g - 4 scrolls of identify {unknown}
 i - 2 scrolls of teleportation {unknown}
Potions
 h - a potion of curing {unknown}
 l - a potion of degeneration {unknown}


   Skills:
 + Level 4.6 Fighting
 + Level 1.2 Short Blades
 + Level 1.2 Long Blades
 + Level 1.2 Axes
 + Level 1.2 Maces & Flails
 + Level 4.6 Polearms
 + Level 1.2 Staves
 + Level 1.2 Slings
 + Level 1.2 Bows
 + Level 1.2 Crossbows
 + Level 2.8 Throwing
 + Level 2.8 Armour
 + Level 4.6 Dodging
 + Level 1.2 Stealth
 + Level 1.2 Shields
 + Level 1.2 Unarmed Combat
 + Level 5.1 Spellcasting
 + Level 1.0 Conjurations
 + Level 1.0 Hexes
 + Level 1.0 Summonings
 + Level 1.0 Necromancy
 + Level 5.5 Translocations
 + Level 1.0 Transmutations
 + Level 1.0 Fire Magic
 + Level 1.0 Ice Magic
 + Level 1.0 Air Magic
 + Level 1.0 Earth Magic
 + Level 1.0 Poison Magic
 + Level 1.3 Invocations
 + Level 1.2 Evocations


You had 11 spell levels left.
You knew the following spells:

 Your Spells              Type           Power      Damage    Failure   Level
a - Blink                 Tloc           32%        N/A       4%          2

Your spell library contained the following spells:

 Spells                   Type           Power      Damage    Failure   Level
 Gell's Gravitas          Tloc           16%        N/A       8%          3
 Lesser Beckoning         Tloc           16%        N/A       8%          3
 Teleport Other           Tloc           16%        N/A       8%          3
 Manifold Assault         Tloc           16%        N/A       58%         5
 Animate Dead             Necr           2%         N/A       86%         4
 Haunt                    Necr/Summ      2%         N/A       100%        7
 Infestation              Necr           2%         N/A       100%        8


Dungeon Overview and Level Annotations

Branches:
Dungeon (3/15)

Altars:

Shops:
D:1 (

Annotations:
D:3 3 runed translucent doors, Ablot's ghost, amateur GnWr


Innate Abilities, Weirdness & Mutations

You have very sharp teeth.
Your uncanny sense of smell can sniff out nearby items.
Your experience applies equally to all skills.


Message History

The quokka barely misses you.
You miss the quokka.
The quokka is almost dead.
The quokka misses you.
You hit the quokka.
You kill the quokka!
You puncture the jelly! The acid corrodes you!
Your hands burn!
* * * LOW HITPOINT WARNING * * *
You bite the jelly, but do no damage.
The jelly is heavily wounded.
The jelly jiggles.
You are no longer corroded.
You hit the jelly.
Your hands burn!
The jelly is severely wounded.
The jelly misses you.
You hit the jelly.
You kill the jelly!
The wyvern skeleton bites you but does no damage.
Your Conjurations skill increases to level 1!
Your Hexes skill increases to level 1!
Your Summonings skill increases to level 1!
Your Necromancy skill increases to level 1!
Your Transmutations skill increases to level 1!
Your Fire Magic skill increases to level 1!
Your Ice Magic skill increases to level 1!
Your Air Magic skill increases to level 1!
Your Earth Magic skill increases to level 1!
Your Poison Magic skill increases to level 1!
You hit the wyvern skeleton.
The wyvern skeleton is severely damaged.
The wyvern skeleton bites you.
* * * LOW HITPOINT WARNING * * *
You hit the wyvern skeleton.
You bite the wyvern skeleton, but do no damage.
The wyvern skeleton is severely damaged.
The wyvern skeleton bites you.
* * * LOW HITPOINT WARNING * * *
The wyvern skeleton closely misses you. The wyvern skeleton bites you!
You die...

#.....#.# #....#######
#.....#.###....###...####
#....†#....Z............)
#...†.#.#.#....###...####
###.....#.###### #...#
####....# #...# #.####
#...# #.####### #####
#.Z@....# #######.# #.#
#.# ####### #.#####.....#
####.##....##'##
#....##.####8.8##
#....##.###.....#
#....'..##8.....8


You could see a wyvern skeleton.

Vanquished Creatures
  A jelly (D:3)
  An adder (D:2)
  3 worms
  A dart slug (D:3)
  An orc (D:3)
  5 ball pythons (D:1)
  3 endoplasms
  A giant cockroach (D:1)
  4 goblins
  3 hobgoblins
  6 kobolds
  3 quokkas
  5 bats
  3 frilled lizards
  7 rats
47 creatures vanquished.

Notes
Turn   | Place    | Note
-------+----------+-------------------------------------------
     0 | D:1      | Ablot the Gnoll Warper began the quest for the Orb.
     0 | D:1      | Reached XP level 1. HP: 20/20 MP: 6/6
   250 | D:1      | Reached XP level 2. HP: 20/26 MP: 7/7
   259 | D:1      | Learned a level 2 spell: Blink
   783 | D:1      | Found Niow's Antique Weapon Boutique.
   871 | D:1      | Reached XP level 3. HP: 31/31 MP: 9/9
  1063 | D:2      | Reached skill level 5 in Spellcasting
  1249 | D:2      | Reached skill level 1 in Invocations
  1709 | D:2      | Reached skill level 1 in Short Blades
  1709 | D:2      | Reached skill level 1 in Long Blades
  1709 | D:2      | Reached skill level 1 in Axes
  1709 | D:2      | Reached skill level 1 in Maces & Flails
  1709 | D:2      | Reached skill level 1 in Staves
  1709 | D:2      | Reached skill level 1 in Slings
  1709 | D:2      | Reached skill level 1 in Bows
  1709 | D:2      | Reached skill level 1 in Crossbows
  1709 | D:2      | Reached skill level 1 in Stealth
  1709 | D:2      | Reached skill level 1 in Shields
  1709 | D:2      | Reached skill level 1 in Unarmed Combat
  1709 | D:2      | Reached skill level 1 in Evocations
  2109 | D:3      | Found a faded altar of an unknown god.
  2196 | D:3      | Reached XP level 4. HP: 34/38 MP: 11/11
  2233 | D:3      | Found a runed translucent gate.
  2233 | D:3      | Found a runed translucent gate.
  2233 | D:3      | Found a runed translucent gate.
  2236 | D:3      | Identified the +9 mace "Doni" {antimagic, Int+4 Dex+2
                  | Stlth+}
  2237 | D:3      | Noticed Ablot's ghost (amateur GnWr)
  2239 | D:3      | Identified the +6 rapier "Soshud" {freeze, Fly rC++}
  2305 | D:3      | Reached skill level 1 in Conjurations
  2305 | D:3      | Reached skill level 1 in Hexes
  2305 | D:3      | Reached skill level 1 in Summonings
  2305 | D:3      | Reached skill level 1 in Necromancy
  2305 | D:3      | Reached skill level 1 in Transmutations
  2305 | D:3      | Reached skill level 1 in Fire Magic
  2305 | D:3      | Reached skill level 1 in Ice Magic
  2305 | D:3      | Reached skill level 1 in Air Magic
  2305 | D:3      | Reached skill level 1 in Earth Magic
  2305 | D:3      | Reached skill level 1 in Poison Magic
  2312 | D:3      | Slain by a wyvern skeleton

Illustrated notes

Levels and vault maps discovered:
D:1:      zelgadis_glass_arrival_small, layout_loops_ring, serial_shops,
          shop_statue, corexii_leaking_fountain
D:2:      layout_basic, minivault_24, roderic_serpentine_path, st_stairs_9
D:3:      layout_basic, nicolae_ecumenical_lake_church,
          biasface_ghost_orc_armoury, st_stairs_11, dk_noncrumbling_4

Skill      XL: |  1  2  3  4 |
---------------+-------------+-----
Spellcasting   | 5 |  5.1
Invocations    | 1 |  1.3
Short Blades   | 1 |  1.2
Long Blades    | 1 |  1.2
Axes           | 1 |  1.2
Maces & Flails | 1 |  1.2
Staves         | 1 |  1.2
Slings         | 1 |  1.2
Bows           | 1 |  1.2
Crossbows      | 1 |  1.2
Stealth        | 1 |  1.2
Shields        | 1 |  1.2
Unarmed Combat | 1 |  1.2
Evocations     | 1 |  1.2
Conjurations   | 1 |  1.0
Hexes          | 1 |  1.0
Summonings     | 1 |  1.0
Necromancy     | 1 |  1.0
Transmutations | 1 |  1.0
Fire Magic     | 1 |  1.0
Ice Magic      | 1 |  1.0
Air Magic      | 1 |  1.0
Earth Magic    | 1 |  1.0
Poison Magic   | 1 |  1.0
Fighting       | |  4.6
Polearms       | |  4.6
Throwing       | |  2.8
Armour         | |  2.8
Dodging        | |  4.6
Translocations | |  5.5

Action                   |  1- 3 |  4- 6 || total
-------------------------+-------+-------++-------
Melee: Spear             |   160 |    31 ||   191
       Bite              |    12 |     6 ||    18
       Punch             |     2 |     2 ||     4
 Stab: Sleeping          |     2 |       ||     2
Armor: Leather armour    |    32 |     5 ||    37
Dodge: Dodged            |    66 |    10 ||    76
